 Dungeon Crawl Stone Soup version 0.21.0-24-g2553a33 (webtiles) character file.

873 Monsterracer the Bolt Thrower (level 7, -4/63 HPs)
             Began as a Deep Dwarf Arcane Marksman on Jan 20, 2018.
             Slain by an ogre
             ... wielding a cursed +0 giant spiked club
              (9 damage)
             ... on level 6 of the Dungeon.
             The game lasted 00:08:39 (4681 turns).

Monsterracer the Bolt Thrower (DDAM)                Turns: 4681, Time: 00:08:40

Health: -4/63      AC: 15    Str: 15    XL:     7   Next: 74%
Magic:  5/5        EV:  7    Int: 14    God:
Gold:   315        SH:  0    Dex: 13    Spells: 8/8 levels left

rFire    . . .     SeeInvis +   a - +0 hand crossbow
rCold    . . .     Gourm    .   (no shield)
rNeg     . . .     Faith    .   n - +0 chain mail
rPois    .         Spirit   .   (no helmet)
rElec    .         Reflect  .   s - +1 cloak
rCorr    .         Harm     .   q - +0 pair of gloves
MR       +....                  v - +2 pair of boots
Stlth    ..........             (no amulet)
HPRegen  0.00/turn              p - ring of see invisible
MPRegen  0.09/turn              (no ring)

@: non-regenerating
A: damage resistance, heal wounds, sense surroundings 1, no regeneration
a: Heal Wounds


You were on level 6 of the Dungeon.
You were not hungry.

You visited 1 branch of the dungeon, and saw 6 of its levels.

You collected 315 gold pieces.

Inventory:

Hand Weapons
 a - a +0 hand crossbow (weapon)
 b - a +0 hand axe
 w - the +8 spear of the Abyss {antimagic, rF+ rN+ MR+}
   (You took it off an orc on level 5 of the Dungeon)

   It reduces the magical energy of the wielder, and disrupts the spells and
   magical abilities of those hit.
   Natural abilities and divine invocations are not affected.
   It protects you from fire.
   It protects you from negative energy.
   It affects your resistance to hostile enchantments.
Missiles
 d - 33 bolts (quivered)
Armour
 k - a +0 plate armour
 n - a +0 chain mail (worn)
 q - a +0 pair of gloves (worn)
 s - a +1 cloak (worn)
 v - a +2 pair of boots (worn)
Jewellery
 p - a ring of see invisible (left hand)
Wands
 m - a wand of paralysis (17)
 o - a wand of flame (43)
Scrolls
 i - 2 scrolls of teleportation
 u - a scroll of remove curse
Potions
 e - a potion of might
 f - 3 potions of mutation {!q}
 g - a potion of magic
 h - a potion of lignification
 j - 2 potions of ambrosia {!q}
 l - 2 potions of flight
 r - 3 potions of curing
 t - a potion of brilliance
Comestibles
 c - 5 rations
 x - 2 chunks of flesh


   Skills:
 + Level 3.9 Fighting
 * Level 5.5 Axes
 * Level 5.7 Crossbows
 + Level 2.7 Armour
 - Level 2.1 Dodging
 - Level 1.0 Spellcasting
   Level 2.4 Hexes


You had 8 spell levels left.
You didn't know any spells.

Dungeon Overview and Level Annotations

Branches:
Dungeon (6/15)
 Temple: D:4-7

Altars:
Gozag
Okawaru
Xom


Innate Abilities, Weirdness & Mutations

You are resistant to damage.
You can heal yourself by infusing magical energy.
You passively map a small area around you.
You do not regenerate.


Message History

Aim: an orc priest, wielding a flail and wearing a leather armour You shoot a bolt.
The bolt hits the orc priest but does no damage.
The orc priest hits you but does no damage.
Firing (i - inventory):
d - 46 bolts (quivered)
Press: ? - help, Shift-Dir - straight line, f/p - orc priest
Aim: an orc priest, wielding a flail and wearing a leather armour You shoot a bolt.
The bolt hits the orc priest but does no damage.
The orc priest hits you but does no damage.
Firing (i - inventory):
d - 45 bolts (quivered)
Press: ? - help, Shift-Dir - straight line, f/p - orc priest
Aim: an orc priest, wielding a flail and wearing a leather armour You shoot a bolt.
The bolt hits the orc priest.
The orc priest is lightly wounded.
The orc priest hits you but does no damage.
Firing (i - inventory):
d - 44 bolts (quivered)
Press: ? - help, Shift-Dir - straight line, f/p - orc priest
Aim: an orc priest, wielding a flail and wearing a leather armour (lightly wounded)
You shoot a bolt. The bolt closely misses the orc priest.
The bolt hits the orc!
You kill the orc!
The orc priest invokes the aid of Beogh against you.
Beogh smites you!
* * * LOW HITPOINT WARNING * * *
You take 11 damage, and have 29/63 hp.
Firing (i - inventory):
d - 43 bolts (quivered)
Press: ? - help, Shift-Dir - straight line, f/p - orc priest
Aim: an orc priest, wielding a flail and wearing a leather armour (lightly wounded)
You shoot a bolt. The bolt hits the orc priest!
The orc priest is almost dead.
The orc priest hits you but does no damage.
Firing (i - inventory):
d - 42 bolts (quivered)
Press: ? - help, Shift-Dir - straight line, f/p - orc priest
Aim: an orc priest, wielding a flail and wearing a leather armour (almost dead)
You shoot a bolt.
The bolt hits the orc priest but does no damage.
The orc priest is almost dead.
The orc priest hits you but does no damage.
The orc wizard casts a spell.
The orc wizard blinks!
You feel much better. The orc priest barely misses you.
You regained 22 hp, and now have 51/63 hp.
Firing (i - inventory):
d - 41 bolts (quivered)
Press: ? - help, Shift-Dir - straight line, f/p - orc priest
Aim: an orc priest, wielding a flail and wearing a leather armour (almost dead)
You shoot a bolt.
The bolt hits the orc priest but does no damage.
The orc priest is almost dead.
The orc priest barely misses you.
Firing (i - inventory):
d - 40 bolts (quivered)
Press: ? - help, Shift-Dir - straight line, f/p - orc priest
Aim: an orc priest, wielding a flail and wearing a leather armour (almost dead)
You shoot a bolt. The bolt hits the orc priest!
You kill the orc priest!
Firing (i - inventory):
d - 39 bolts (quivered)
Press: ? - help, Shift-Dir - straight line, f - ogre
Aim: an ogre, wielding a giant spiked club You shoot a bolt.
The bolt hits the ogre!
The ogre is moderately wounded.
The ogre hits you with a giant spiked club!
The orc wizard mumbles some strange words.
The orc wizard seems to speed up.
You take 14 damage, and have 37/63 hp.
MASSIVE DAMAGE!!
Firing (i - inventory):
d - 38 bolts (quivered)
Press: ? - help, Shift-Dir - straight line, f/p - ogre
Aim: an ogre, wielding a giant spiked club (moderately wounded)
You shoot a bolt. The bolt hits the ogre!
The ogre is severely wounded.
The orc wizard casts a spell.
The orc wizard blinks!
The ogre barely misses you.
Firing (i - inventory):
d - 37 bolts (quivered)
Press: ? - help, Shift-Dir - straight line, f/p - ogre
Aim: an ogre, wielding a giant spiked club (severely wounded)
You shoot a bolt. The bolt closely misses the ogre.
The ogre hits you with a giant spiked club!
* * * LOW HITPOINT WARNING * * *
You take 6 damage, and have 31/63 hp.
Firing (i - inventory):
d - 36 bolts (quivered)
Press: ? - help, Shift-Dir - straight line, f/p - ogre
Aim: an ogre, wielding a giant spiked club (severely wounded)
You shoot a bolt.
The bolt hits the ogre but does no damage.
The ogre is severely wounded.
The ogre hits you with a giant spiked club!!
* * * LOW HITPOINT WARNING * * *
You take 26 damage, and have 5/63 hp.
MASSIVE DAMAGE!!
Firing (i - inventory):
d - 35 bolts (quivered)
Press: ? - help, Shift-Dir - straight line, f/p - ogre
Aim: an ogre, wielding a giant spiked club (severely wounded)
You shoot a bolt. The bolt hits the ogre.
The ogre is almost dead.
Firing (i - inventory):
d - 34 bolts (quivered)
Press: ? - help, Shift-Dir - straight line, f/p - ogre
Aim: an ogre, wielding a giant spiked club (almost dead)
You shoot a bolt.
The bolt hits the ogre but does no damage.
The ogre is almost dead.
The ogre hits you with a giant spiked club!
You die...

* #.########## *
*##..........###* _
....,...##... * ,
#..####.##.### * ..,
#....(....oO@# # ..,
#..####.##(###.# ,
...##..#.).........###
.....[..........(.....
#####..#.#..#.o#######
##.......#..#o.#***
.......#.#.........#
##.#..........ยง.......
##.#...####o##..#####.
*


You could see an ogre and an orc wizard.

Vanquished Creatures
  2 ogres (D:4)
  A phantom (D:3)
  A centaur (D:6)
  2 howler monkeys (D:5)
  A crimson imp (D:5)
  Crazy Yiuf (D:3)
  2 bullfrog skeletons
  An orc priest (D:6)
  An orc wizard (D:4)
  4 worker ants
  7 gnolls
  2 worms (D:3)
  A dart slug (D:3)
  22 orcs
  A ball python (D:5)
  3 giant cockroaches
  3 goblins
  12 hobgoblins
  9 jackals
  11 kobolds
  2 quokkas
  6 bats
  A frilled lizard (D:3)
  A quokka zombie (D:5)
  6 rats
103 creatures vanquished.

Notes
Turn   | Place    | Note
-------+----------+-------------------------------------------
     0 | D:1      | Monsterracer the Deep Dwarf Arcane Marksman began the quest for the Orb.
     0 | D:1      | Reached XP level 1. HP: 16/16 MP: 2/2
     5 | D:1      | Reached skill level 1 in Fighting
    76 | D:1      | Reached XP level 2. HP: 20/26 MP: 3/3
    99 | D:1      | HP: 10/26 [kobold/short sword (4)]
   134 | D:1      | HP: 7/26 [kobold/whip (3)]
   773 | D:2      | Reached XP level 3. HP: 27/32 MP: 4/4
  1059 | D:2      | Reached skill level 1 in Axes
  1217 | D:3      | HP: 14/32 [hobgoblin/club (4)]
  1246 | D:3      | Noticed a phantom
  1260 | D:3      | Killed a phantom
  1260 | D:3      | Reached XP level 4. HP: 25/40 MP: 5/5
  1339 | D:3      | Reached XP level 5. HP: 29/46 MP: 6/6
  1548 | D:2      | Found an opulent altar of Gozag.
  1608 | D:3      | HP: 24/48 [orc/short sword (2)]
  1613 | D:3      | HP: 14/48 [worm (8)]
  1621 | D:3      | HP: 11/48 [orc/flail (3)]
  1956 | D:3      | Found a runed door.
  1962 | D:3      | Noticed Crazy Yiuf
  1965 | D:3      | Killed Crazy Yiuf
  2736 | D:4      | HP: 17/49 [gnoll/halberd (12)]
  2755 | D:4      | Reached XP level 6. HP: 32/56 MP: 6/6
  2784 | D:4      | Reached skill level 1 in Armour
  2861 | D:4      | HP: 28/56 [bullfrog skeleton (3)]
  2953 | D:4      | HP: 15/56 [ogre/giant club (13)]
  3207 | D:4      | HP: 22/56 [ogre/giant club (9)]
  3208 | D:4      | Reached XP level 7. HP: 24/62 MP: 6/6
  3323 | D:5      | Entered Level 5 of the Dungeon
  3339 | D:5      | Reached skill level 5 in Crossbows
  3482 | D:5      | Found a shimmering altar of Xom.
  3509 | D:5      | Found an iron altar of Okawaru.
  3619 | D:5      | Reached skill level 5 in Axes
  4138 | D:5      | Got a fine spear {antimagic}
  4143 | D:5      | Identified the +8 spear of the Abyss {antimagic, rF+ rN+ MR+} (You took it off an orc on level 5 of the Dungeon)
  4536 | D:6      | HP: 27/63 [orc priest/divine providence (13)]
  4670 | D:6      | HP: 29/63 [orc priest/divine providence (11)]
  4678 | D:6      | HP: 31/63 [ogre/giant spiked club (6)]
  4679 | D:6      | HP: 5/63 [ogre/giant spiked club (26)]
  4681 | D:6      | Slain by an ogre

Skill      XL: |  1  2  3  4  5  6  7 |
---------------+----------------------+-----
Fighting       | 1 2 3 |  3.9
Axes           | 2 3 4 5 |  5.5
Crossbows      | 3 4 5 |  5.7
Armour         | 1 2 |  2.7
Dodging        | |  2.1
Spellcasting   | |  1.0
Hexes          | |  2.4

Action                   |  1- 3 |  4- 6 |  7- 9 || total
-------------------------+-------+-------+-------++-------
Melee: Unarmed           |    13 |       |       ||    13
       Hand axe          |    50 |   119 |    49 ||   218
       Short sword       |     6 |       |       ||     6
 Fire: Hand crossbow     |    67 |    64 |    55 ||   186
 Abil: Heal Wounds       |     2 |     4 |     3 ||     9
  Use: Scroll            |       |    11 |     4 ||    15
  Eat: Chunk             |     1 |     6 |     5 ||    12
Armor: Robe              |    23 |       |       ||    23
       Leather armour    |     5 |       |       ||     5
       Scale mail        |    15 |    50 |       ||    65
       Chain mail        |       |    10 |    44 ||    54
Dodge: Dodged            |    74 |    75 |    32 ||   181

Vault maps used:
D:1:      dpeg_arrival_fog
D:2:      lemuel_upstairs_altar
D:3:      serial_park_tiny_2, uniq_crazy_yiuf_cottage
D:5:      basic_altar, first_ration, xom_teletrap_fun
D:6:      gammafunk_temple_overflow_elements, serial_glass, glass_columns_b,
          glass_columns_a, cheibriados_altar_1
